 Dungeon Crawl Stone Soup version 0.21.1-1-g345015f (webtiles) character file.

405 glosham the Chopper (level 6, -3/63 HPs)
             Began as an Octopode Berserker on Apr 6, 2018.
             Was a Believer of Trog.
             Slain by a wyvern skeleton (10 damage)
             ... on level 7 of the Dungeon.
             The game lasted 00:19:24 (878 turns).

glosham the Chopper (Octopode Berserker)             Turns: 878, Time: 00:19:25

Health: -3/63      AC:  1    Str: 23    XL:     6   Next: 87%
Magic:  6/6        EV: 14    Int:  9    God:    Trog [**....]
Gold:   96         SH:  0    Dex: 12    Spells: 5/5 levels left

rFire    . . .     SeeInvis .   a - +2 hand axe
rCold    . . .     Gourm    .   (no shield)
rNeg     . . .     Faith    .   (helmet restricted)
rPois    .         Spirit   .   (no amulet)
rElec    .         Reflect  .   (no ring)
rCorr    .         Harm     .   (no ring)
MR       .....                  (no ring)
Stlth    ..........             (no ring)
HPRegen  0.20/turn              (no ring)
MPRegen  0.10/turn              (no ring)
                                (no ring)
                                (no ring)

@: berserking, very quick
A: almost no armour, stealthy swim, amphibious, 8 rings, constrict 8, camouflage
1, gelatinous body 1
a: Berserk, Trog's Hand, Burn Spellbooks, Renounce Religion


You were on level 7 of the Dungeon.
You worshipped Trog.
Trog was pleased with you.
You were very hungry.

You visited 1 branch of the dungeon, and saw 5 of its levels.

You collected 96 gold pieces.

Inventory:

Hand Weapons
 a - a +2 hand axe (weapon)
 b - a +0 spear
Missiles
 e - 2 silver javelins (quivered)
Wands
 f - a wand of random effects (38)
Scrolls
 h - a scroll of blinking
Potions
 c - a potion of ambrosia {unknown}
 g - a potion of might {unknown}
 i - a potion of brilliance {unknown}
Comestibles
 d - 5 rations


   Skills:
 - Level 3.0 Fighting
 * Level 7.5 Axes
 - Level 3.0 Dodging


You had 5 spell levels left.
You didn't know any spells.

Dungeon Overview and Level Annotations

Branches:
Dungeon (7/15)
 Temple: D:4-7

Altars:
Elyvilon
Fedhas
Uskayaw

Annotations:
D:6 Pikel


Innate Abilities, Weirdness & Mutations

You cannot wear most types of armour.
You are very stealthy in the water. (Stealth+)
You are amphibious.
You can wear up to eight rings at the same time.
You can use your tentacles to constrict eight enemies at once.
Your skin changes colour to match your surroundings (Stealth+).
Your rubbery body absorbs attacks. (AC +1, EV +1)


Message History

Found a scroll labeled UTUAXAJEGE.
Found 15 gold pieces.
A centaur comes into view.
The centaur shouts!
The centaur wields a shortbow.
The centaur shoots an arrow.
The arrow hits you!
The centaur shoots an arrow.
The arrow hits you.
You see here an arrow.
The centaur shoots an arrow.
The arrow closely misses you.
Found a white marble altar of Elyvilon.
You see here an arrow.
Found a hide-covered altar of Uskayaw.
A wyvern skeleton comes into view.
The centaur unwields an uncursed shortbow.
The centaur closely misses you.
You see here an arrow.
You hit the centaur but do no damage. You squeeze the centaur!
The centaur is heavily wounded.
The centaur hits you. The centaur misses you.
You hit the centaur.
You kill the centaur!
Trog accepts your kill.
Things that are here:
an uncursed shortbow; 14 arrows You hit the wyvern skeleton.
The wyvern skeleton is lightly damaged.
The wyvern skeleton barely misses you.
You hit the wyvern skeleton.
Your squeeze misses the wyvern skeleton.
The wyvern skeleton is lightly damaged.
The wyvern skeleton bites you! The wyvern skeleton misses you.
Unknown command.
You barely miss the wyvern skeleton. You squeeze the wyvern skeleton.
The wyvern skeleton is lightly damaged.
The wyvern skeleton bites you!
* * * LOW HITPOINT WARNING * * *
A red film seems to cover your vision as you go berserk!
You feel yourself moving faster!
You feel mighty!
You are feeling very hungry.
The wyvern skeleton bites you!
You die...

#............. ###
#.##.##....##. ..#
#.##........# #.#
#.#####....... #.#
#.#####.......
####.###........?.#
#.....)(######## .
#.##.##(# #@##.#
#Z.$.# ........#
........#
..........
._8_..#####
.......# ........#


You could see a wyvern skeleton.

Vanquished Creatures
  Grinder (D:3)
  A centaur (D:7)
  Ijyb (D:3)
  A worker ant (D:7)
  2 adders (D:3)
  An ooze (D:3)
  A worm (D:2)
  2 leopard geckos
  4 orcs (D:3)
  2 ball pythons
  A giant cockroach (D:2)
  7 goblins
  7 hobgoblins
  4 jackals (D:1)
  2 kobolds
  4 bats
  3 frilled lizards
  A jackal skeleton (D:7)
  A rat (D:3)
46 creatures vanquished.

Notes
Turn   | Place    | Note
-------+----------+-------------------------------------------
     0 | D:1      | glosham the Octopode Berserker began the quest for the Orb.
     0 | D:1      | Reached XP level 1. HP: 16/16 MP: 1/1
   137 | D:1      | Reached XP level 2. HP: 14/21 MP: 2/2
   322 | D:2      | Reached skill level 4 in Axes
   338 | D:2      | Reached XP level 3. HP: 19/26 MP: 3/3
   385 | D:3      | Reached ** piety under Trog
   411 | D:3      | Noticed Ijyb
   420 | D:3      | Killed Ijyb
   420 | D:3      | Reached skill level 5 in Axes
   420 | D:3      | Reached XP level 4. HP: 13/31 MP: 4/4
   549 | D:3      | Noticed Grinder
   564 | D:3      | Killed Grinder
   564 | D:3      | Reached skill level 6 in Axes
   564 | D:3      | Reached XP level 5. HP: 7/36 MP: 5/5
   564 | D:3      | Reached XP level 6. HP: 9/42 MP: 6/6
   700 | D:2      | Found a blossoming altar of Fedhas.
   787 | D:3      | You fall through a shaft for 3 floors!
   787 | D:6      | Noticed Pikel
   787 | D:6      | Noticed a slave
   787 | D:6      | Noticed a slave
   841 | D:7      | Noticed a hippogriff
   851 | D:7      | Reached skill level 7 in Axes
   864 | D:7      | Found a white marble altar of Elyvilon.
   865 | D:7      | Found a hide-covered altar of Uskayaw.
   877 | D:7      | HP: 4/42 [wyvern skeleton (9)]
   878 | D:7      | Slain by a wyvern skeleton

Skill      XL: |  1  2  3  4  5  6 |
---------------+-------------------+-----
Axes           | 4 5 6 7 |  7.5
Fighting       | |  3.0
Dodging        | |  3.0

Action                   |  1- 3 |  4- 6 || total
-------------------------+-------+-------++-------
Melee: Hand axe          |    61 |    36 ||    97
       Constrict         |    20 |     6 ||    26
       Tentacles         |    18 |     8 ||    26
Invok: Berserk           |       |     1 ||     1
  Use: Scroll            |     7 |       ||     7
 Stab: Sleeping          |     2 |     1 ||     3
Armor: Skin              |     3 |     3 ||     6
Dodge: Dodged            |    26 |    19 ||    45

Table legend:
 A = Turns spent in this place as a percentage of turns spent in the entire game.
 B = Non-inter-level travel turns spent in this place as a percentage of non-inter-level travel turns spent in the entire game.
 C = Inter-level travel turns spent in this place as a percentage of turns spent in this place.
 D = Turns resting spent in this place as a percentage of non-inter-level travel turns spent in this place.
 E = Turns spent auto-exploring this place as a percentage of non-inter-level travel turns spent in this place.
 F = Non-inter-level travel turns spent in this place divided by the number of levels of this place that you've seen.
                   A       B       C       D       E      F
               +-------+-------+-------+-------+-------+----------------------
         Total | 100.0 | 100.0 |   6.4 |   0.4 |   0.0 | 164.4
       Dungeon | 100.0 | 100.0 |   6.4 |   0.4 |   0.0 | 164.4
               +-------+-------+-------+-------+-------+----------------------

Table legend:
 A = Kills in this place as a percentage of kills in entire the game.
 B = Kills by you in this place as a percentage of kills by you in the entire game.
 C = Kills by friends in this place as a percentage of kills by friends in the entire game.
 D = Other kills in this place as a percentage of other kills in the entire game.
 E = Experience gained in this place as a percentage of experience gained in the entire game.
 F = Experience gained in this place divided by the number of levels of this place that you have seen.
                   A       B       C       D       E      F
               +-------+-------+-------+-------+-------+----------------------
         Total | 100.0 | 100.0 |   N/A |   N/A | 100.0 | 115.8
       Dungeon | 100.0 | 100.0 |   N/A |   N/A | 100.0 | 115.8
               +-------+-------+-------+-------+-------+----------------------

Vault maps used:
D:1:      giann_wishing_wells
D:2:      fedhas_altar_2, nemelex_dance_club_becter
D:3:      nemelex_xobeh_ov_fountains_minmay, uniq_ijyb, uniq_grinder
D:6:      old_standard_altar, lemuel_blue_sif_altar, overflow_temple_1_default,
          uniq_pikel
D:7:      ashenzari_altar_1, chequers_temple_overflow_statue_of_worship
